 Dungeon Crawl Stone Soup version 0.29.1-2-gbd0b4ee654 (webtiles) character file.

Game seed: 15930620787341833986

221 fireball365 the Chopper (level 5, -2/47 HPs)
             Began as a Hill Orc Fighter on Oct 27, 2022.
             Was an Initiate of Trog.
             Slain by Anandil's ghost (7 damage)
             ... on level 3 of the Dungeon.
             The game lasted 00:09:29 (2325 turns).

fireball365 the Chopper (Hill Orc Fighter)          Turns: 2325, Time: 00:09:29

Health: -2/47      AC:  8    Str: 21    XL:     5   Next: 98%
Magic:  5/5        EV:  9    Int:  8    God:    Trog [......]
Gold:   147        SH:  4    Dex: 10    Spells: 4/4 levels left

rFire   . . .      SeeInvis .   a - +0 war axe
rCold   . . .      Faith    .   c - +0 buckler
rNeg    . . .      Spirit   .   b - +0 scale mail
rPois   .          Reflect  .   (no helmet)
rElec   .          Harm     .   (no cloak)
rCorr   .          Rampage  .   h - +0 pair of gloves
Will    .....                   (no boots)
Stlth   ..........              (no amulet)
HPRegen 0.15/turn               (no ring)
MPRegen 0.09/turn               (no ring)

@: mighty
A: no striking features
a: Renounce Religion


You were on level 3 of the Dungeon.
You worshipped Trog.
Trog was noncommittal.
You visited 1 branch of the dungeon, and saw 3 of its levels.

You collected 147 gold pieces.

Inventory:

Hand Weapons
 a - a +0 war axe (weapon)
Missiles
 e - 48 stones (quivered)
 x - a throwing net
Armour
 b - a +0 scale mail (worn)
 c - a +0 buckler (worn)
 h - a +0 pair of gloves (worn)
 o - the +0 ring mail of Muttered Phrases {rPois}
   (You found it on level 2 of the Dungeon)

   rPois:     It protects you from poison.
 z - a +0 pair of gloves
Magical Staves
 l - a staff of conjuration
Jewellery
 k - an amulet of faith
 q - a ring of protection from cold
 v - an amulet of magic regeneration
 y - a ring of poison resistance
Scrolls
 g - 2 scrolls of fear {unknown}
 i - 2 scrolls of magic mapping {unknown}
 j - 6 scrolls of identify {unknown}
 n - a scroll of brand weapon {unknown}
 p - a scroll of teleportation {unknown}
 s - a scroll of enchant armour {unknown}
 t - a scroll of enchant weapon {unknown}
 u - 2 scrolls of vulnerability {unknown}
 w - 2 scrolls of amnesia {unknown}
Potions
 f - a potion of attraction {unknown}
 m - a potion of brilliance {unknown}
 r - 4 potions of haste {unknown}


   Skills:
 - Level 4.6 Fighting
 * Level 5.2 Axes
 + Level 4.6 Armour
 - Level 4.2 Shields


You had 4 spell levels left.
You didn't know any spells.
Your spell library contained the following spells:

 Spells                   Type           Power      Damage    Failure   Level
 Conjure Flame            Conj/Fire      0%         6-21      99%         3
 Ignite Poison            Fire/Tmut/Pois 0%         N/A       99%         3
 Portal Projectile        Hex/Tloc       0%         N/A       99%         3
 Tukima's Dance           Hex            0%         N/A       99%         3
 Fulminant Prism          Conj/Hex       0%         3d6       100%        4
 Iskenderun's Mystic Bla  Conj/Tloc      0%         2d3       100%        4
 Sticky Flame             Conj/Fire      0%         2d3       100%        4
 Blade Hands              Tmut           0%         N/A       100%        5
 Lee's Rapid Deconstruct  Erth           0%         3d5*      100%        5


Dungeon Overview and Level Annotations

Branches:
Dungeon (3/15)

Altars:
Trog
The Shining One

Annotations:
D:3 Anandil's ghost, weakling DrAK


Message History

Anandil's ghost hits you but does no damage.
You closely miss Anandil's ghost.
Anandil's ghost is lightly damaged.
Anandil's ghost hits you. x2
You closely miss Anandil's ghost.
Anandil's ghost is lightly damaged.
Anandil's ghost hits you but does no damage.
You hit Anandil's ghost but do no damage.
Anandil's ghost is lightly damaged.
Anandil's ghost hits you.
You closely miss Anandil's ghost.
Anandil's ghost is lightly damaged.
Anandil's ghost hits you but does no damage.
You hit Anandil's ghost but do no damage.
Anandil's ghost is lightly damaged.
Anandil's ghost hits you but does no damage.
You block Anandil's ghost's attack.
You barely miss Anandil's ghost.
Anandil's ghost is lightly damaged.
Anandil's ghost hits you but does no damage.
You hit Anandil's ghost.
Anandil's ghost is moderately damaged.
Anandil's ghost hits you.
You hit Anandil's ghost.
Anandil's ghost is moderately damaged.
Anandil's ghost closely misses you. Anandil's ghost hits you.
* * * LOW HITPOINT WARNING * * *
You slash Anandil's ghost!
Anandil's ghost is severely damaged.
Anandil's ghost hits you!
* * * LOW HITPOINT WARNING * * *
You hit Anandil's ghost but do no damage.
Anandil's ghost is severely damaged.
Anandil's ghost hits you but does no damage.
You feel very mighty all of a sudden. You block Anandil's ghost's attack.
You closely miss Anandil's ghost.
Anandil's ghost is severely damaged.
Anandil's ghost hits you!
You die...

...###...#...........###.####....
...# #..#####.##.#..## #.# #....
.#####.######....#...# #.# #....
...........####......###.# #....
#................###.....######..
##........<.###.................#
.........#######.#####.)......##
.##.######.....#..####........#
###..# ###?~~~~W@...#.........###
# ##.# #.#.....#..#..............
# #.###.#######....##.......####
# #...............###.......####
###############...###...........
#♣P♣P♣P8P♣P♣P♣##.......#####.##.#
..........[.......###### #.....
#♣P♣P♣P8P♣P♣P♣##..# #.##.#
############# #..# #.##..


You could see Anandil's ghost.

Vanquished Creatures
  A scorpion (D:3)
  2 gnolls (D:3)
  7 adders
  2 worms (D:3)
  4 dart slugs
  6 endoplasms
  6 giant cockroaches
  8 goblins
  9 hobgoblins
  3 jackals (D:2)
  2 quokkas (D:3)
  4 ball pythons
  3 bats (D:1)
  2 frilled lizards
  5 kobolds
  8 rats
72 creatures vanquished.

Vanquished Creatures (others)
  15 plants (D:1)
15 creatures vanquished.

Grand Total: 87 creatures vanquished

Notes
Turn   | Place    | Note
-------+----------+-------------------------------------------
     0 | D:1      | fireball365 the Hill Orc Fighter began the quest for the
                  | Orb.
     0 | D:1      | Reached XP level 1. HP: 19/19 MP: 1/1
   105 | D:1      | Reached XP level 2. HP: 22/27 MP: 2/2
   174 | D:1      | Reached skill level 3 in Axes
   324 | D:1      | Found a faded altar of an unknown god.
   328 | D:1      | Prayed at the altar of an unknown god.
   328 | D:1      | Became a worshipper of the Shining One
   328 | D:1      | Reached * piety under the Shining One
   716 | D:2      | Reached XP level 3. HP: 33/33 MP: 3/3
   907 | D:2      | Reached XP level 4. HP: 31/40 MP: 4/4
  1086 | D:2      | Identified the +0 ring mail of Muttered Phrases {rPois}
  1367 | D:3      | Noticed a scorpion
  1373 | D:3      | Killed a scorpion
  1374 | D:3      | Reached skill level 4 in Axes
  1374 | D:3      | Reached XP level 5. HP: 47/47 MP: 5/5
  1607 | D:3      | Found a runed translucent door.
  1646 | D:3      | Noticed Anandil's ghost (weakling DrAK)
  1897 | D:3      | Found a bloodstained altar of Trog.
  1920 | D:3      | Fell from the grace of the Shining One
  1920 | D:3      | Became a worshipper of Trog the Wrathful
  2215 | D:3      | Reached skill level 5 in Axes
  2325 | D:3      | Slain by Anandil's ghost

Illustrated notes

Levels and vault maps discovered:
D:1:      dpeg_arrival_simpleton_a, layout_basic,
          chequers_ecumenical_altar_twisty, serial_bayou_pond_c
D:2:      layout_rooms
D:3:      kennysheep_six_static_rooms, layout_rooms,
          mainiacjoe_overflow_surrounded_room, ebering_ghost_reflecting_pool,
          dreamdust_princess_corridor, minmay_diced_spiral

Skill      XL: |  1  2  3  4  5 |
---------------+----------------+-----
Axes           | 3 4 5 |  5.2
Fighting       | 4 |  4.6
Armour         | 4 |  4.6
Shields        | 4 |  4.2

Action                   |  1- 3 |  4- 6 || total
-------------------------+-------+-------++-------
Melee: War axe           |    90 |   107 ||   197
  Use: Potion            |       |     1 ||     1
Armor: Scale mail        |    62 |    59 ||   121
Dodge: Dodged            |    59 |    58 ||   117
Block: Buckler           |    20 |    28 ||    48
